 Dungeon Crawl Stone Soup version 0.27.1-15-g792fb953b9 (webtiles) character file.

Game seed: 12147402219095704848

31 hilljack the Digger (level 3, -3/20 HPs)
             Began as a Gargoyle Earth Elementalist on Nov 20, 2021.
             Slain by a goblin (5 damage)
             ... led by Robin
             ... on level 2 of the Dungeon.
             The game lasted 00:02:09 (1340 turns).

hilljack the Digger (Gargoyle Earth Elementalist)   Turns: 1340, Time: 00:02:09

Health: -3/20      AC:  6    Str: 12    XL:     3   Next: 22%
Magic:  6/6        EV: 11    Int: 21    God:
Gold:   58         SH:  5    Dex: 10    Spells: 3/6 levels left

rFire    . . .     SeeInvis .   h - +0 whip
rCold    . . .     Faith    .   (no shield)
rNeg     + . .     Spirit   .   g - +0 leather armour
rPois    ∞         Reflect  +   (no helmet)
rElec    +         Harm     .   (no cloak)
rCorr    .         Rampage  .   (no gloves)
Will     .....                  (no boots)
Stlth    ++........             a - amulet of reflection
HPRegen  0.06/turn              d - +6 ring of intelligence
MPRegen  0.10/turn              (no ring)

@: mighty
A: sickness immunity, AC +3, negative energy resistance 1, electricity
resistance, torment resistance 1, petrification resistance
a: no special abilities


You were on level 2 of the Dungeon.
You visited 1 branch of the dungeon, and saw 2 of its levels.

You collected 58 gold pieces.

Inventory:

Hand Weapons
 h - a +0 whip (weapon)
Missiles
 c - 56 stones
Armour
 g - a +0 leather armour (worn)
Jewellery
 a - an amulet of reflection (around neck)
 d - a +6 ring of intelligence (left hand)
Potions
 e - a potion of magic


   Skills:
 + Level 1.0 Fighting
 + Level 0.4 Maces & Flails
 + Level 1.0 Armour
 - Level 1.5 Dodging
 - Level 2.1 Stealth
 + Level 2.2 Spellcasting
 + Level 1.2 Transmutations
 + Level 3.9 Earth Magic


You had 3 spell levels left.
You knew the following spells:

 Your Spells              Type           Power      Damage    Failure   Level
a - Sandblast             Erth           38%        2d10      3%          1
b - Passwall              Tmut/Erth      10%        N/A       10%         2

Your spell library contained the following spells:

 Spells                   Type           Power      Damage    Failure   Level
 Stone Arrow              Conj/Erth      20%        3d8       24%         3
 Petrify                  Tmut/Erth      13%        N/A       52%         4


Dungeon Overview and Level Annotations

Branches:
Dungeon (2/15)

Altars:

Annotations:
D:2 Robin


Innate Abilities, Weirdness & Mutations

You are immune to sickness and miasma.
Your stone body is resilient. (AC +3)
You are immune to poison.
You resist negative energy. (rN+)
You are resistant to electric shocks. (rElec)
You are resistant to unholy torment.
You are immune to petrification.


Message History

You block the goblin's attack. The goblin hits you but does no damage.
A hobgoblin comes into view.
You barely miss the goblin.
The hobgoblin shouts!
Robin throws the goblin at you! The goblin misses you.
You block the goblin's attack. The goblin hits you with a +0 club.
The endoplasm jiggles.
The goblin barely misses you. You block the goblin's attack.
Robin roars a battlecry!
The hobgoblin goes into a battle-frenzy!
You barely miss the goblin. The goblin hits you but does no damage.
You block the goblin's attack. x2; The goblin closely misses you.
The goblin hits you but does no damage. The goblin closely misses you.
You hit the goblin.
You kill the goblin!
The goblin hits you with a +0 club. The goblin misses you.
The goblin completely misses you. The goblin hits you with a +0 club.
You are too injured to fight recklessly!
You are too injured to fight recklessly!
You are too injured to fight recklessly!
You are too injured to fight recklessly!
You aren't carrying any scrolls.
It was a potion of magic.
Magic courses through your body. You block the goblin's attack.
The goblin misses you. The goblin hits you with a +0 dagger.
The goblin misses you. The goblin hits you but does no damage.
It was a potion of cancellation.
You feel magically purged. The goblin hits you with a +0 dagger.
* * * LOW HITPOINT WARNING * * *
A kobold comes into view. It is wielding a +0 whip.
You block the goblin's attack. The goblin closely misses you.
The goblin hits you with a +0 club.
* * * LOW HITPOINT WARNING * * *
It was a potion of might.
You feel very mighty all of a sudden. The goblin hits you but does no damage.
The goblin closely misses you.
Robin roars a battlecry!
The goblin goes into a battle-frenzy!
The goblin closely misses you. The goblin hits you with a +0 club.
You die...

##### ....# #..# ...
###.+# ..# ....
....)## ..# .....
#.....### ..##.....
..<#....# #..g.....
.#....#.# ###
#gJ#..... #######.#
..# #gggg....
........####.#
#@gg.....
########...#.#
#ggg..... #
#......#.#.###g#......
#
#......#.#.#......##..
# #......#.#.#.#.#.g#
. #
#..........#.#....# #
#..........#.####..# #
#....).......# ..# #
#..........### ...


You could see Robin, an endoplasm, 2 hobgoblins and 10 goblins.

Vanquished Creatures
  An adder (D:2)
  2 ball pythons (D:1)
  2 endoplasms
  2 goblins
  4 hobgoblins (D:1)
  2 quokkas
  A bat (D:2)
  3 frilled lizards
  2 kobolds
  A rat (D:2)
20 creatures vanquished.

Notes
Turn   | Place    | Note
-------+----------+-------------------------------------------
     0 | D:1      | hilljack the Gargoyle Earth Elementalist began the quest
                  | for the Orb.
     0 | D:1      | Reached XP level 1. HP: 10/10 MP: 3/3
   238 | D:1      | Reached skill level 1 in Transmutations
   238 | D:1      | Reached XP level 2. HP: 16/16 MP: 1/5
   475 | D:1      | Learned a level 2 spell: Passwall
  1148 | D:2      | Reached skill level 1 in Fighting
  1148 | D:2      | Reached skill level 1 in Armour
  1148 | D:2      | Reached XP level 3. HP: 15/20 MP: 6/6
  1328 | D:2      | Noticed Robin
  1340 | D:2      | Slain by a goblin

Illustrated notes

Levels and vault maps discovered:
D:1:      psy_arrival_radial02, layout_loops_ring
D:2:      layout_basic, hellmonk_ecumenical_altar_slurped_away, uniq_sigmund,
          uniq_robin

Skill      XL: |  1  2 |
---------------+-------+-----
Transmutations | 1 |  1.2
Fighting       | 1 |  1.0
Armour         | 1 |  1.0
Maces & Flails | |  0.4
Dodging        | |  1.5
Stealth        | |  2.1
Spellcasting   | |  2.2
Earth Magic    | |  3.9

Action                   || total
-------------------------++-------
Melee: Unarmed           ||     1
       Club              ||    12
       Whip              ||    30
 Cast: Sandblast         ||    13
  Use: Potion            ||     3
 Stab: Sleeping          ||     1
Armor: Leather armour    ||    18
       Robe              ||     2
Dodge: Dodged            ||    34
Block: Other             ||    18
